 Dungeon Crawl Stone Soup version 0.28-a0-1412-gf95308ed99 (webtiles) character file.

Game seed: 6281419884247201772

83 spaghetti the Blocker (level 4, 0/45 HPs)
             Began as a Gnoll Wanderer on Jan 7, 2022.
             Was a Believer of Makhleb.
             Succumbed to a goblin's poison
             ... on level 2 of the Dungeon.
             The game lasted 00:04:55 (2043 turns).

spaghetti the Blocker (Gnoll Wanderer)              Turns: 2043, Time: 00:04:56

Health: 0/45       AC:  3    Str: 12    XL:     4   Next: 44%
Magic:  5/5        EV: 11    Int:  8    God:    Makhleb [**....]
Gold:   38         SH:  9    Dex: 16    Spells: 5/5 levels left

rFire   . . .      SeeInvis .   g - staff of death {!astaff}
rCold   . . .      Faith    .   d - +2 buckler
rNeg    + . .      Spirit   .   c - +0 leather armour
rPois   .          Reflect  .   (no helmet)
rElec   .          Harm     .   (no cloak)
rCorr   .          Rampage  .   (no gloves)
Will    .....      Rage     1%  (no boots)
Stlth   ++........              (no amulet)
HPRegen 0.15/turn               o - ring of wizardry
MPRegen 0.09/turn               (no ring)

@: lethally poisoned (0 -> -3)
A: fangs 2, strong nose, distributed training, berserk 1, robust 1
a: Renounce Religion, Minor Destruction


You were on level 2 of the Dungeon.
You worshipped Makhleb.
Makhleb was pleased with you.
You visited 1 branch of the dungeon, and saw 3 of its levels.

You collected 38 gold pieces.


Innate Abilities, Weirdness & Mutations

You have extremely sharp teeth.
Your uncanny sense of smell can sniff out nearby items.
Your experience applies equally to all skills.
You tend to lose your temper in combat.
You are robust. (+10% HP)


   Skills:
 + Level 6.6 Fighting
 + Level 1.1 Short Blades
 + Level 1.1 Long Blades
 + Level 1.1 Axes
 + Level 1.1 Maces & Flails
 + Level 1.1 Polearms
 + Level 1.1 Staves
 + Level 1.1 Slings
 + Level 1.1 Bows
 + Level 1.1 Crossbows
 + Level 1.1 Throwing
 + Level 2.7 Armour
 + Level 1.1 Dodging
 + Level 1.1 Stealth
 + Level 10.4 Shields
 + Level 1.1 Unarmed Combat
 + Level 1.1 Spellcasting
 + Level 0.9 Conjurations
 + Level 0.9 Hexes
 + Level 0.9 Summonings
 + Level 0.9 Necromancy
 + Level 0.9 Translocations
 + Level 0.9 Transmutations
 + Level 0.9 Fire Magic
 + Level 0.9 Ice Magic
 + Level 0.9 Air Magic
 + Level 0.9 Earth Magic
 + Level 0.9 Poison Magic
 + Level 1.2 Invocations
 + Level 2.7 Evocations


You had 5 spell levels left.
You didn't know any spells.
Your spell library was empty.

Inventory:

Hand Weapons
 a - a +0 dagger {short}
Missiles
 e - 10 bolts
 f - 56 stones (quivered) {throwing}
Armour
 c - a +0 leather armour (worn)
 d - a +2 buckler (worn)
Magical Staves
 g - a staff of death (weapon) {!astaff}
   (You found it on level 1 of the Dungeon)
Jewellery
 o - a ring of wizardry (left hand)
   (You took it off a hobgoblin on level 2 of the Dungeon)
Scrolls
 i - 2 scrolls of identify {unknown}
 k - a scroll of torment {unknown}
 m - a scroll of summoning {unknown}
 n - a scroll of fog {unknown}

Dungeon Overview and Level Annotations

Branches:
Dungeon (3/15)

Altars:
Makhleb

Shops:
D:2

* ....
#............#
..#####....#######
∩.#........#
..#.##.....########
#.#.##.#.####.....#
#.#.##.#.# #.....#
#.#.##.#.# #.....#
#.#.##.#.# #......
#)@)##.#.# #.....#
#.####.# ####)..
### ###. #... #.#.
#.#######.#.
#.....<.#.#.
#.......†...
#.#######.##


There were no monsters in sight!


Message History

You are more poisoned.
Items here: ( )))))) ††. 😨 HP[-4]
You take 4 damage, and now have 19/45 hp.
You feel very sick.
The goblin unwields a +2 dagger of venom.
It stops dripping with poison.
The goblin wields a +0 hunting sling.
The goblin shoots a sling bullet.
You block the sling bullet. 😨 HP[-3]
You take 3 damage, and now have 16/45 hp.
Okay, then.
You feel better. 😮 HP[+11]
You regained 11 hp, and now have 27/45 hp.
Okay, then.
You hit Robin but do no damage. You closely miss Robin.
Robin hits you with a +0 trident.
* * * LOW HITPOINT WARNING * * *
The goblin shoots a sling bullet.
The sling bullet barely misses you. 😨 HP[-5]
You take 5 damage, and now have 22/45 hp.
Unknown command.
Okay, then.
Okay, then.
Okay, then.
You aren't carrying any items that you can evoke.
Aiming: Minor Destruction (16% risk of failure)
Press: ? - help, Shift-Dir - straight line, f - Robin
Aim: Robin, wielding a +0 trident, wearing a +1 animal skin and wearing a +0 helmet The stone arrow hits Robin!
You feel a little less clever now.
The goblin no longer looks unusually strong.
Robin hits you with a +0 trident!
* * * LOW HITPOINT WARNING * * *
😨 HP[-9]
You take 9 damage, and now have 13/45 hp.
Unknown command.
Aiming: Minor Destruction (16% risk of failure)
Press: ? - help, Shift-Dir - straight line, f/p - Robin
Aim: Robin, wielding a +0 trident, wearing a +1 animal skin and wearing a +0 helmet (severely wounded)
You fail to use your ability.
Robin hits you with a +0 trident.
* * * LOW HITPOINT WARNING * * *
The goblin unwields a +0 hunting sling.
The goblin wields a +2 dagger of venom.
It begins to drip with poison!
You block the goblin's attack. 😨 HP[-1]
You take 1 damage, and now have 12/45 hp.
Aiming: Minor Destruction (16% risk of failure)
Press: ? - help, Shift-Dir - straight line, f/p - Robin
Aim: Robin, wielding a +0 trident, wearing a +1 animal skin and wearing a +0 helmet (severely wounded)
The stone arrow hits Robin.
You kill Robin!
Makhleb accepts your kill.
You feel better. You block the goblin's attack.
You barely miss the goblin. You bite the goblin.
The goblin hits you with a +2 dagger of venom.
* * * LOW HITPOINT WARNING * * *
You are lethally poisoned! 😱 HP[-4]
You take 4 damage, and now have 8/45 hp.
Unknown command.
Unknown command.
Aiming: Minor Destruction (14% risk of failure)
Press: ? - help, Shift-Dir - straight line, f - goblin
Aim: a goblin, wielding a +2 dagger of venom and quivering sling bullets (moderately wounded)
The stone arrow hits the goblin!
You kill the goblin!
Makhleb accepts your kill.
You feel better.
* * * LOW HITPOINT WARNING * * *
You feel very sick. 😱 HP[-3]
You take 3 damage, and now have 5/45 hp.
You are lethally poisoned (5 -> -3).
Your movement speed is average.
Your attack delay is about 1.1.
Really quaff
h - a potion of mutation {!q}?
Really quaff the potion of mutation?
You feel extremely strange.
You feel more energetic.
Your iridescent scales disappear.
You shed all your fur.
Your teeth lengthen and sharpen some more.
You feel a little pissed off.
* * * LOW HITPOINT WARNING * * *
You feel sick. 😱 HP[-1]
You take 1 damage, and now have 4/45 hp.
Unknown command.
You are lethally poisoned (4 -> -3).
Your movement speed is average.
Your attack delay is about 1.1.
* * * LOW HITPOINT WARNING * * *
You feel sick.
Items here: (( )))))))) †††. 😱 HP[-1]
You take 1 damage, and now have 3/45 hp.
* * * LOW HITPOINT WARNING * * *
You feel sick.
Items here: ))) [[ ††. 😱 HP[-2]
You take 2 damage, and now have 1/45 hp.
You die...

Skill      XL: |  1  2  3 |
---------------+----------+-----
Shields        | | 10.4
Invocations    | 1 |  1.2
Short Blades   | 1 |  1.1
Long Blades    | 1 |  1.1
Axes           | 1 |  1.1
Maces & Flails | 1 |  1.1
Polearms       | 1 |  1.1
Staves         | 1 |  1.1
Slings         | 1 |  1.1
Bows           | 1 |  1.1
Crossbows      | 1 |  1.1
Throwing       | 1 |  1.1
Dodging        | 1 |  1.1
Stealth        | 1 |  1.1
Unarmed Combat | 1 |  1.1
Spellcasting   | 1 |  1.1
Fighting       | |  6.6
Armour         | |  2.7
Conjurations   | |  0.9
Hexes          | |  0.9
Summonings     | |  0.9
Necromancy     | |  0.9
Translocations | |  0.9
Transmutations | |  0.9
Fire Magic     | |  0.9
Ice Magic      | |  0.9
Air Magic      | |  0.9
Earth Magic    | |  0.9
Poison Magic   | |  0.9
Evocations     | |  2.7

Action                   |  1- 3 |  4- 6 || total
-------------------------+-------+-------++-------
Melee: Dagger            |    27 |       ||    27
       Bite              |    17 |     4 ||    21
       Staff             |   178 |    42 ||   220
Invok: Minor Destruction |       |     3 ||     3
  Use: Potion            |     1 |     6 ||     7
 Stab: Sleeping          |     1 |       ||     1
Armor: Leather armour    |    51 |    15 ||    66
Dodge: Dodged            |   106 |    22 ||   128
Block: Buckler           |   110 |    15 ||   125

Levels and vault maps discovered:
D:1:      lightli_molten_gateway, layout_loops_corners,
          chequers_ecumenical_altar_island
D:2:      layout_basic, serial_shops, shop, grunt_ministairs_8, uniq_robin
D:3:      gammafunk_wand_slinger, layout_loops_ring, uniq_crazy_yiuf_cottage

Notes
Turn   | Place    | Note
-------+----------+-------------------------------------------
     0 | D:1      | Reached skill level 10 in Shields
     0 | D:1      | spaghetti the Gnoll Wanderer began the quest for the Orb.
     0 | D:1      | spaghetti set off with the following items: a +0 dagger
                  | {short}, 2 potions of curing {@q1}, a +0 leather armour, a
                  | +2 buckler
     0 | D:1      | Reached XP level 1. HP: 23/23 MP: 1/1
     0 | D:1      | magus.rc [v1.9.6]
   279 | D:1      | Reached XP level 2. HP: 29/29 MP: 2/2
   496 | D:1      | Found a faded altar of an unknown god.
   543 | D:1      | Prayed at the altar of an unknown god.
   543 | D:1      | Became a worshipper of Makhleb the Destroyer
   543 | D:1      | Reached * piety under Makhleb
   925 | D:1      | Reached XP level 3. HP: 33/35 MP: 3/3
  1130 | D:2      | Reached skill level 1 in Invocations
  1753 | D:2      | Reached skill level 1 in Short Blades
  1753 | D:2      | Reached skill level 1 in Long Blades
  1753 | D:2      | Reached skill level 1 in Axes
  1753 | D:2      | Reached skill level 1 in Maces & Flails
  1753 | D:2      | Reached skill level 1 in Polearms
  1753 | D:2      | Reached skill level 1 in Staves
  1753 | D:2      | Reached skill level 1 in Slings
  1753 | D:2      | Reached skill level 1 in Bows
  1753 | D:2      | Reached skill level 1 in Crossbows
  1753 | D:2      | Reached skill level 1 in Throwing
  1753 | D:2      | Reached skill level 1 in Dodging
  1753 | D:2      | Reached skill level 1 in Stealth
  1753 | D:2      | Reached skill level 1 in Unarmed Combat
  1753 | D:2      | Reached skill level 1 in Spellcasting
  1969 | D:2      | Found Vijar's General Store.
  1969 | D:2      | Noticed Robin
  1977 | D:2      | Reached XP level 4. HP: 22/41 MP: 5/5
  1977 | D:2      | Gained mutation: You are partially covered in iridescent
                  | scales. (AC +2) [potion of mutation]
  1977 | D:2      | Gained mutation: You are robust. (+10% HP) [potion of
                  | mutation]
  1977 | D:2      | Gained mutation: Your magical capacity is low. (-10% MP)
                  | [potion of mutation]
  1977 | D:2      | Gained mutation: You are covered in fur. (AC +1) [potion of
                  | mutation]
  1986 | D:2      | Reached ** piety under Makhleb
  2037 | D:2      | Killed Robin
  2038 | D:2      | HP: 8/45 [goblin[Robin] (4)]
  2040 | D:2      | Lost mutation: Your magical capacity is low. (-10% MP)
                  | [potion of mutation]
  2040 | D:2      | Lost mutation: You are partially covered in iridescent
                  | scales. (AC +2) [potion of mutation]
  2040 | D:2      | Lost mutation: You are covered in fur. (AC +1) [potion of
                  | mutation]
  2040 | D:2      | Gained mutation: You have extremely sharp teeth. [potion of
                  | mutation]
  2040 | D:2      | Gained mutation: You tend to lose your temper in combat.
                  | [potion of mutation]
  2041 | D:2      | HP: 3/45 [poisoned by a goblin]
  2042 | D:2      | HP: 1/45 [poisoned by a goblin]
  2043 | D:2      | Succumbed to a goblin's poison

Vanquished Creatures
  Robin (D:2)
  An adder (D:2)
  A dart slug (D:1)
  3 bats
  3 endoplasms
  A giant cockroach (D:2)
  14 goblins
  9 hobgoblins
  4 jackals
  3 quokkas
  3 ball pythons
  3 frilled lizards
  4 kobolds
  3 rats
53 creatures vanquished.

Table legend:
 A = Non-vault XP
 B = Vault XP
 C = Vault XP percentage of total XP
 D = Non-vault monster count
 E = Vault monster count
 F = Vault count percentage of total count
                 A         B        C        D         E       F
            +---------+---------+-------+---------+---------+-------
      Total |      79 |      40 |  33.6 |      38 |      15 |  28.3
            +---------+---------+-------+---------+---------+-------
        D:1 |      35 |       0 |   0.0 |      19 |       0 |   0.0
        D:2 |      44 |      36 |  45.0 |      19 |      13 |  40.6
        D:3 |       0 |       4 | 100.0 |       0 |       2 | 100.0
            +---------+---------+-------+---------+---------+-------

Illustrated notes

Table legend:
 A = Kills in this place as a percentage of kills in entire the game.
 B = Kills by you in this place as a percentage of kills by you in the entire game.
 C = Kills by friends in this place as a percentage of kills by friends in the entire game.
 D = Other kills in this place as a percentage of other kills in the entire game.
 E = Experience gained in this place as a percentage of experience gained in the entire game.
 F = Experience gained in this place divided by the number of levels of this place that you have seen.
                   A       B       C       D       E      F
               +-------+-------+-------+-------+-------+----------------------
         Total | 100.0 | 100.0 |   N/A |   N/A | 100.0 |  39.7
       Dungeon | 100.0 | 100.0 |   N/A |   N/A | 100.0 |  39.7
               +-------+-------+-------+-------+-------+----------------------

Table legend: (Time is in decaauts)
 A = Elapsed time spent in this place.
 B = Non-inter-level travel time spent in this place.
 C = Inter-level travel time spent in this place.
 D = Time resting spent in this place.
 E = Time spent auto-exploring this place.
 F = Levels seen in this place.
 G = Mean time per level.
                   A        B        C        D        E       F      G
               +--------+--------+--------+--------+--------+-----+--------+
         Total |   2076 |   2015 |     61 |    209 |   1348 |   3 |  692.0 |
       Dungeon |   2076 |   2015 |     61 |    209 |   1348 |   3 |  692.0 |
               +--------+--------+--------+--------+--------+-----+--------+

Top non-repeatable levels by time:
     D:1: 1066 daAuts
     D:2: 994 daAuts
     D:3: 15 daAuts
